 Dungeon Crawl Stone Soup version 0.30.1-9-gdf580d7c3d (webtiles) character file.

Game seed: 4564079022296667055

1590159 LordWeiramon the Conqueror (level 26, 266/266 HPs)
             Began as a Demigod Wanderer on Oct 18, 2023.
             Escaped with the Orb
             ... and 3 runes on Oct 19, 2023!
             The game lasted 06:08:43 (83470 turns).

LordWeiramon the Conqueror (Demigod Wanderer)      Turns: 83470, Time: 06:08:43

Health: 266/266    AC: 34    Str: 15    XL:     26   Next: 53%
Magic:  37/37      EV: 36    Int: 25    God:
Gold:   2295       SH: 29    Dex: 47    Spells: 26/27 levels left

rFire   + + .        a - +9 rapier (speed)
rCold   + + .        z - +5 kite shield {rF+}
rNeg    + + .        A - +3 ice dragon scales
rPois   +            O - +1 helmet "Ilock" {Int+4 Dex+3}
rElec   .            u - +2 cloak "Feass" {rN+ Int+2}
rCorr   +            B - +3 pair of gloves of the Weaver {MP+9}
SInv    .            d - +2 pair of boots
Will    ++++.        r - amulet "Xapparuo" {Reflect Rampage rF++ Will+ Int+3 SH+5}
Stlth   +            f - ring of Happiness {rPois Dex+4 Slay+4}
HPRegen 0.64/turn    n - ring "Dutuyphy" {rPois rN+ Will+ rCorr Int-3 Dex+2}
MPRegen 0.25/turn

%: reflection, rampage
@: studying 3 skills
A: high MP 1, forlorn, divine attributes, clever 1, clumsy 1
0: Orb of Zot
}: 3/15 runes: decaying, serpentine, silver
a: no special abilities


You escaped.
You visited 10 branches of the dungeon, and saw 50 of its levels.
You also visited: Ice Cave and Volcano.

You collected 11578 gold pieces.
You spent 9283 gold pieces at shops.

Inventory:

Hand Weapons
 a - a +9 rapier of speed (weapon)
Missiles
 b - 2 throwing nets (quivered)
 H - 22 curare-tipped darts
Armour
 d - a +2 pair of boots (worn)
 u - the +2 cloak "Feass" (worn) {rN+ Int+2}
   (You found it on level 2 of the Orcish Mines)

   Int:       It affects your intelligence (+2).
   rN:        It protects you from negative energy.
 z - a +5 kite shield of fire resistance (worn)
 A - +3 ice dragon scales (worn)
 B - the +3 pair of gloves of the Weaver (worn) {MP+9}
   (You bought it in a shop on level 2 of the Orcish Mines)

   MP:        It affects your magic capacity (+9).
 O - the +1 helmet "Ilock" (worn) {Int+4 Dex+3}
   (You acquired it on level 1 of the Lair of Beasts)

   Int:       It affects your intelligence (+4).
   Dex:       It affects your dexterity (+3).
Jewellery
 f - the ring of Happiness (left hand) {rPois Dex+4 Slay+4}
   (You found it on level 1 of the Swamp)

   [ring of slaying]

   Dex:       It affects your dexterity (+4).
   Slay:      It affects your accuracy & damage with ranged weapons and melee
   (+4).
   rPois:     It protects you from poison.
 i - a ring of see invisible
 l - the ring "Ristrokho" {Wiz rElec rF+}
   (You took it off a vault warden on level 5 of the Vaults)

   [ring of wizardry]

   It improves your spell success rate.
   rF:        It protects you from fire.
   rElec:     It insulates you from electricity.
 n - the ring "Dutuyphy" (right hand) {rPois rN+ Will+ rCorr Int-3 Dex+2}
   (You took it off a deep elf sorcerer on level 3 of the Elven Halls)

   [ring of resist corrosion]

   Int:       It affects your intelligence (-3).
   Dex:       It affects your dexterity (+2).
   rPois:     It protects you from poison.
   rN:        It protects you from negative energy.
   rCorr:     It protects you from acid and corrosion.
   Will:      It increases your willpower.
 r - the amulet "Xapparuo" (around neck) {Reflect Rampage rF++ Will+ Int+3 SH+5}
   (You took it off a deep elf annihilator on level 3 of the Elven Halls)

   [amulet of reflection]

   It reflects blocked missile attacks.
   Int:       It affects your intelligence (+3).
   rF:        It greatly protects you from fire.
   SH:        It affects your SH (+5).
   Rampage:   It bestows one free step when moving towards enemies.
   Will:      It increases your willpower.
 t - a ring of flight
 V - the ring of Lainiup {rPois EV+5 Str+3 Int+7 Stlth-}
   (You took it off a centaur warrior on level 9 of the Dungeon)

   [ring of evasion]

   EV:        It affects your evasion (+5).
   Str:       It affects your strength (+3).
   Int:       It affects your intelligence (+7).
   rPois:     It protects you from poison.
   Stlth:     It makes you less stealthy.
 W - a ring of protection from cold
Wands
 o - a wand of polymorph (40)
 s - a wand of paralysis (44)
 v - a wand of quicksilver (21)
 C - a wand of flame (113)
 J - a wand of iceblast (47)
 K - a wand of digging (9)
 S - a wand of mindburst (38)
Scrolls
 e - 2 scrolls of silence
 h - 8 scrolls of poison
 j - 17 scrolls of fog
 w - 15 scrolls of fear
 y - 5 scrolls of blinking
 D - 2 scrolls of butterflies
 E - 11 scrolls of teleportation
 F - 2 scrolls of enchant weapon
 T - 6 scrolls of magic mapping
Potions
 g - 4 potions of cancellation
 k - 2 potions of might
 p - 19 potions of mutation
 q - 4 potions of heal wounds
 x - 17 potions of curing
 I - 6 potions of ambrosia
 M - 13 potions of flight
 N - 5 potions of brilliance
 P - 2 potions of berserk rage
 Y - 12 potions of resistance
 Z - 3 potions of haste
Miscellaneous
 c - a lightning rod (4/4)
 m - a condenser vane
 R - a phantom mirror
 U - a phial of floods
 X - a box of beasts


   Skills:
 O Level 27 Fighting
 - Level 26.8(27) Short Blades
 - Level 5.0(18.5) Long Blades
 - Level 6.0 Throwing
 + Level 17.3 Armour
 - Level 20.0 Dodging
 - Level 4.2 Stealth
 - Level 13.0 Shields
 - Level 1.0 Spellcasting
 - Level 1.0 Earth Magic
 - Level 5.0 Evocations


You had 26 spell levels left.
You knew the following spells:

 Your Spells              Type           Power      Damage    Failure   Level
a - Sandblast             Erth           12%        2d6       41%         1

Your spell library contained the following spells:

 Spells                   Type           Power      Damage    Failure   Level
 Apportation              Tloc           2%         N/A       56%         1
 Beastly Appendage        Tmut           2%         N/A       56%         1
 Foxfire                  Conj/Fire      4%         2x1d4     56%         1
 Freeze                   Ice            4%         1d3       56%         1
 Kiss of Death            Conj/Necr      4%         2d5       56%         1
 Magic Dart               Conj           4%         1d3       56%         1
 Necrotise                Necr           4%         1d4       56%         1
 Slow                     Hex            4%         N/A       56%         1
 Sting                    Tmut/Pois      4%         1d3       56%         1
 Summon Small Mammal      Summ           4%         N/A       56%         1
 Passwall                 Tmut/Erth      2%         N/A       63%         2
 Blink                    Tloc           2%         N/A       71%         2
 Call Imp                 Summ           2%         N/A       71%         2
 Cigotuvi's Dreadful Rot  Necr/Pois/Air  2%         N/A       71%         2
 Ensorcelled Hibernation  Hex/Ice        2%         N/A       71%         2
 Lesser Beckoning         Tloc           2%         N/A       71%         2
 Momentum Strike          Conj/Tloc      2%         3d8       71%         2
 Poisonous Vapours        Pois/Air       2%         N/A       71%         2
 Scorch                   Fire           2%         2d5       71%         2
 Static Discharge         Conj/Air       2%         2-3/arc   71%         2
 Sublimation of Blood     Necr           1%         N/A       71%         2
 Wereblood                Tmut           1%         N/A       71%         2
 Stone Arrow              Conj/Erth      6%         3d7       86%         3
 Call Canine Familiar     Summ           1%         N/A       90%         3
 Confusing Touch          Hex            1%         N/A       90%         3
 Dazzling Flash           Conj/Hex       2%         N/A       90%         3
 Gell's Gravitas          Tloc           1%         N/A       90%         3
 Hailstorm                Conj/Ice       1%         3d3       90%         3
 Ignite Poison            Fire/Tmut/Pois 1%         N/A       90%         3
 Inner Flame              Hex/Fire       1%         N/A       90%         3
 Mephitic Cloud           Conj/Pois/Air  1%         N/A       90%         3
 Ozocubu's Armour         Ice            1%         N/A       90%         3
 Portal Projectile        Hex/Tloc       2%         N/A       90%         3
 Spider Form              Tmut/Pois      1%         N/A       90%         3
 Summon Guardian Golem    Hex/Summ       1%         N/A       90%         3
 Swiftness                Air            1%         N/A       90%         3
 Teleport Other           Tloc           1%         N/A       90%         3
 Tukima's Dance           Hex            1%         N/A       90%         3
 Vampiric Draining        Necr           1%         2d6       90%         3
 Vhi's Electric Charge    Tloc/Air       2%         N/A       90%         3
 Volatile Blastmotes      Fire/Tloc      2%         2d10      90%         3
 Animate Armour           Summ/Erth      6%         N/A       99%         4
 Leda's Liquefaction      Hex/Erth       1%         N/A       99%         4
 Petrify                  Tmut/Erth      3%         N/A       99%         4
 Airstrike                Air            0%         2d(1-17)  100%        4
 Anguish                  Hex/Necr       0%         N/A       100%        4
 Animate Dead             Necr           1%         N/A       100%        4
 Dispel Undead            Necr           1%         3d6       100%        4
 Flame Wave               Conj/Fire      1%         2d4       100%        4
 Fulminant Prism          Conj/Hex       0%         3d5       100%        4
 Ice Form                 Ice/Tmut       1%         N/A       100%        4
 Iskenderun's Mystic Bla  Conj/Tloc      1%         2d3       100%        4
 Olgreb's Toxic Radiance  Pois           1%         N/A       100%        4
 Passage of Golubria      Tloc           1%         N/A       100%        4
 Sticky Flame             Conj/Fire      1%         2d3       100%        4
 Summon Ice Beast         Ice/Summ       1%         N/A       100%        4
 Summon Lightning Spire   Summ/Air       1%         N/A       100%        4
 Agony                    Necr           1%         N/A       100%        5
 Alistair's Intoxication  Tmut/Pois      0%         N/A       100%        5
 Arcjolt                  Conj/Air       0%         1d10      100%        5
 Blade Hands              Tmut           0%         N/A       100%        5
 Borgnjor's Vile Clutch   Necr/Erth      1%         N/A       100%        5
 Fireball                 Conj/Fire      0%         3d3       100%        5
 Irradiate                Conj/Tmut      0%         3d11      100%        5
 Iskenderun's Battlesphe  Conj           1%         2d6       100%        5
 Lee's Rapid Deconstruct  Erth           3%         3d5*      100%        5
 Metabolic Englaciation   Hex/Ice        0%         N/A       100%        5
 Silence                  Hex/Air        0%         N/A       100%        5
 Summon Forest            Summ/Tloc      0%         N/A       100%        5
 Summon Mana Viper        Hex/Summ       1%         N/A       100%        5
 Yara's Violent Unravell  Hex/Tmut       0%         3d3       100%        5
 Conjure Ball Lightning   Conj/Air       0%         3x3d6     100%        6
 Death Channel            Necr           0%         N/A       100%        6
 Iron Shot                Conj/Erth      1%         9d1       100%        6
 Plasma Beam              Fire/Air       0%         2x1d11    100%        6
 Simulacrum               Ice/Necr       0%         N/A       100%        6
 Starburst                Conj/Fire      0%         6d3       100%        6
 Statue Form              Tmut/Erth      2%         N/A       100%        6
 Summon Cactus Giant      Summ           0%         N/A       100%        6
 Haunt                    Necr/Summ      0%         N/A       100%        7
 Monstrous Menagerie      Summ           0%         N/A       100%        7
 Orb of Destruction       Conj           0%         9d5       100%        7
 Spellforged Servitor     Conj/Summ      0%         N/A       100%        7
 Storm Form               Tmut/Air       0%         N/A       100%        7
 Borgnjor's Revivificati  Necr           0%         N/A       100%        8
 Infestation              Necr           0%         N/A       100%        8
 Maxwell's Capacitive Co  Air            0%         ∞         100%        8
 Necromutation            Tmut/Necr      0%         N/A       100%        8
 Death's Door             Necr           0%         N/A       100%        9


Dungeon Overview and Level Annotations

Branches:
Dungeon (15/15)            Temple (0/1) D:7            Lair (5/5) D:9
  Swamp (4/4) Lair:3        Snake (4/4) Lair:3        Slime (0/5) Lair:5
    Orc (2/2) D:9             Elf (3/3) Orc:2        Vaults (5/5) D:14
  Crypt (3/3) Vaults:3       Tomb (0/3) Crypt:3      Depths (4/4) D:15
    Zot (5/5) Depths:4      IceCv (visited)         Volcano (visited)

Shops:
D:2 =   D:4 *   D:5 *?[   D:15 [   Orc:2 [(!*=   Elf:1 [   Snake:2 ?
Depths:2 :   Depths:4 *

Portals:
Hell: Depths:1 Depths:2 Depths:3 Depths:4
Abyss: Depths:1 Depths:3 Depths:4
Pandemonium: Depths:2 Depths:4
Ziggurat: Depths:2
Trove: Depths:2 (give 16 potions of curing)

Annotations:
Zot:4 2 transporters, exclusion: obsidian statue
Zot:5 3 runed translucent doors, Jiorhin's ghost, legendary TrBe


Innate Abilities, Weirdness & Mutations

You have an increased reservoir of magic. (+10% MP)
You shall have no god before yourself.
Your divine heritage dramatically boosts your attributes as you level up.
Your mind is acute. (Int +4, Str/Dex -1)
You are clumsy. (Dex -2)


Message History

There is a stone staircase leading up here.
You climb upwards.
There is a stone staircase leading down here.
(D) Dungeon (T) Temple (L) Lair (S) Swamp (P) Snake Pit (M) Slime Pits (O) Orcish Mines (E) Elven Halls (V) Vaults (C) Crypt (W) Tomb (U) Depths (H) Hell (Z) Zot
Where to? (Enter - D:1 @ (x,y), ? - help)
Things that are here:
a +0 scale mail; a +0 club
There is a stone staircase leading up here.
You climb upwards.
There is a stone staircase leading down here.
There is a stone staircase leading up here.
You climb upwards.
There is a stone staircase leading down here.
There is a stone staircase leading up here.
You climb upwards.
There is a stone staircase leading down here.
You see here a +0 spear.
You see here 4 stones.
You see here a +0 flail.
There is a stone staircase leading up here.
You climb upwards.
There is a stone staircase leading down here.
A chaos spawn comes into view.
Aiming: Dig
Press: ? - help, Shift-Dir - straight line A rock wall.
This square is covered in magical glow.
The rock shatters into small pieces.
A soul eater comes into view.
You rampage towards the soul eater!
You impale the soul eater!!
The soul eater is heavily wounded.
The soul eater closely misses you.
The soul eater attacks as you move away!
You block the soul eater's attack.
There is a staircase leading out of the dungeon here.
The soul eater closely misses you.
You have escaped!

#.# ##.....##.######)....
#.# #(..4...#.# ##.###
#.###...#...### #.###
#.##...###...# #.##.
#.##...# #...## #.##.
#.#...## ##...# #.##.
###.[.#####...## #.##.
###.............# #....
#.#.....3@......#########.
#.###############.........
#.##.....# #.##########.
########.###...## #.# #.
..............## #.#
########. ########.###..#
#.# #........
#...##..#######.###.#######
#....#..............#
#....##.#######†#####


You could see a soul eater.

Vanquished Creatures
  4 ancient liches
  Mara (Vaults:3)
  5 orbs of fire
  A juggernaut (Depths:2)
  Josephina (Crypt:3)
  Boris (thrice) (Vaults:4 Crypt:3 Vaults:5)
  12 Killer Klowns
  Margery (Vaults:4)
  Saint Roka (Vaults:2)
  A curse toe (Zot:3)
  15 golden dragons
  Frederick (Crypt:2)
  Nikola (Vaults:3)
  3 electric golems
  24 tentacled monstrosities
  6 liches
  The ghost of Puzaheze the Spry, an adept TeCj of Vehumet (Snake:4)
  6 titans
  A walking earthen tome (Depths:1)
  26 Orb Guardians
  3 deep elf master archers (Elf:3)
  2 deep elf blademasters
  4 quicksilver dragons
  A walking frostbound tome (Depths:2)
  7 sphinxes
  2 ancient champions
  7 death cobs
  20 shadow dragons
  6 draconian monks
  6 nagarajas
  3 thorn hunters
  19 storm dragons
  10 tengu reavers
  A daeva (Depths:2)
  Roxanne (D:14)
  7 draconian knights
  2 fenstrider witches
  The ghost of turdburglar the Unseen, an adept KoSu of Wu Jian (Orc:2)
  11 fire giants
  4 revenants
  21 vault wardens
  12 deep elf sorcerers
  17 frost giants
  A frost giant (shapeshifter) (Vaults:5)
  An emperor scorpion (shapeshifter) (Depths:2)
  5 draconian shifters
  9 draconian scorchers
  4 deep elf elementalists (Elf:3)
  Louise (Depths:3)
  An iron dragon (Depths:3)
  2 curse skulls
  4 ghost moths
  3 balrugs
  2 angels (Depths:2)
  13 ghouls
  A spriggan defender (Depths:2)
  12 draconian annihilators
  22 ironbound preservers
  2 orc warlords
  3 draconian stormcallers
  A reaper (Crypt:3)
  34 very ugly things
  A war gargoyle (Vaults:5)
  A juggernaut skeleton (Crypt:2)
  7 ironbound thunderhulks
  Nessos (Lair:3)
  4 deep elf demonologists
  21 stone giants
  12 black draconians
  16 green draconians
  8 vampire knights
  A lorocyproca (Depths:2)
  7 eleionomae
  14 deep elf annihilators
  17 purple draconians
  8 yellow draconians
  10 dire elephants
  7 bunyips
  16 red draconians
  19 white draconians
  7 spark wasps
  8 eidola
  25 ettins
  A shambling mangrove (Swamp:4)
  9 deep elf death magi
  9 jiangshi
  A spectral quicksilver dragon (Crypt:3)
  2 entropy weavers
  12 yaktaur captains
  7 great orbs of eyes
  A spectral spriggan (Crypt:3)
  2 salamander tyrants
  Fannar (D:11)
  8 fire dragons
  A juggernaut simulacrum (Depths:3)
  12 ice dragons
  Harold (D:9)
  8 rakshasas
  Erolcha (Orc:2)
  10 deep elf high priests
  A quicksilver dragon skeleton (Depths:3)
  5 spriggan air magi
  32 vault guards
  7 ogre magi
  11 centaur warriors
  6 death knights
  A ghost crab (Swamp:1)
  6 anacondas
  8 boulder beetles
  22 hydras
  9 ironbound frosthearts
  An anaconda (shapeshifter) (Depths:2)
  21 dancing weapons
  11 tengu warriors
  The ghost of ChrisDust the Covert, a journeyman SpBr of Ru (Swamp:1)
  6 alligators
  22 two-headed ogres
  12 vampire magi
  12 naga warriors
  12 deep troll shamans
  9 deep troll earth magi
  Urug (D:13)
  13 hell knights
  6 spriggan berserkers
  A spectral dire elephant (Crypt:3)
  11 naga sharpshooters
  2 sun demons (Depths:4)
  4 soul eaters
  5 shock serpents
  21 deep elf knights
  A skyshark (Lair:2)
  14 spriggans
  13 shadow wraiths (Crypt:3)
  Lodul (D:11)
  12 skeletal warriors
  5 iron trolls
  8 sea snakes (Snake:3)
  2 death drakes
  A goliath frog (shapeshifter) (Depths:3)
  2 glowing orange brains (shapeshifter)
  6 spriggan druids
  74 deep trolls
  6 glowing orange brains
  A cherub (D:12)
  A spark wasp zombie (Depths:3)
  11 deep elf archers
  5 salamander mystics
  11 swamp dragons
  8 wizards
  5 goliath frogs
  9 flayed ghosts
  A golden dragon skeleton (Depths:3)
  6 naga ritualists
  11 bog bodies
  An orange crystal statue (Zot:5)
  27 ironbound convokers
  8 harpies
  2 tengu zombies (Depths:3)
  15 orc knights
  5 lindwurms
  40 deep elf zephyrmancers
  A shadow dragon skeleton (Vaults:3)
  33 deep elf pyromancers
  45 ugly things
  A tengu skeleton (Vaults:3)
  13 necromancers
  A wolf spider (shapeshifter) (Vaults:5)
  A frost giant zombie (Crypt:1)
  2 oklob plants (Lair:5)
  10 mana vipers
  31 phantasmal warriors
  30 moths of wrath
  A sphinx skeleton (Crypt:3)
  16 salamanders
  3 manticores
  4 orc sorcerers
  4 will-o-the-wisps
  6 cyclopes
  A moth of wrath (shapeshifter) (Depths:3)
  8 large abominations (Depths:4)
  Joseph (D:7)
  Maurice (D:9)
  An elephant (shapeshifter) (Depths:2)
  10 elephants
  A molten gargoyle (Volcano)
  A stone giant skeleton (Vaults:3)
  An ice statue (IceCv)
  28 black mambas
  A spectral alligator snapping turtle (Crypt:3)
  A naga zombie (Crypt:2)
  A guardian serpent (shapeshifter) (Elf:2)
  29 naga magi
  9 torpor snails
  12 vault sentinels
  13 cane toads
  2 smoke demons (Depths:2)
  An elephant slug zombie (Crypt:3)
  6 guardian serpents
  2 gargoyles
  A yellow draconian zombie (Crypt:1)
  4 kobold demonologists
  2 shock serpent skeletons
  A sea snake zombie (Crypt:3)
  A death yak zombie (Crypt:2)
  2 unseen horrors
  An efreet (D:13)
  54 yaktaurs
  A rime drake (Lair:2)
  5 tengu conjurers
  An anaconda simulacrum (IceCv)
  17 freezing wraiths
  2 guardian mummies
  A white draconian skeleton (Crypt:2)
  7 komodo dragons
  A pale draconian skeleton (Crypt:1)
  A green draconian skeleton (Crypt:1)
  2 human skeletons (Vaults:4)
  A troll (shapeshifter) (Depths:2)
  12 tyrant leeches
  2 harpy zombies (Crypt:2)
  16 ice devils
  6 trolls
  A mana viper skeleton (Crypt:3)
  2 shadow dragon simulacra
  10 polar bears
  A tengu simulacrum (Depths:3)
  16 blink frogs
  22 hornets
  A raiju (Lair:5)
  An ettin zombie (Vaults:4)
  4 dream sheep (Lair:5)
  A jumping spider (shapeshifter) (D:15)
  36 slime creatures
  15 flying skulls
  3 water elementals
  An air elemental (Elf:3)
  A slime creature (shapeshifter) (Depths:2)
  2 ynoxinuls
  2 dire elephant simulacra
  Eustachio (D:4)
  14 wraiths
  5 wyverns
  An ettin skeleton (Vaults:4)
  12 shadows (Crypt:3)
  A vampire (D:11)
  4 basilisks
  2 fire bats (Volcano)
  53 yaks
  Grum (D:9)
  6 steam dragons
  An unseen horror simulacrum (D:9)
  5 chaos spawn
  A fire elemental (Elf:3)
  7 humans (Zot:3)
  A redback (shapeshifter) (Vaults:5)
  5 death yak simulacra (IceCv)
  15 vampire mosquitoes
  A neqoxec (D:6)
  3 harpy simulacra
  14 swamp worms
  49 nagas
  A fire bat zombie (Crypt:3)
  7 wargs
  A floating eye (Depths:3)
  14 water moccasins
  2 acid dragons
  3 hydra simulacra
  14 hell hounds (Lair:5)
  11 swamp drakes
  2 ice beasts
  27 orc warriors
  14 black bears
  A glowing shapeshifter skeleton (Depths:3)
  A lindwurm zombie (Crypt:2)
  37 ogres
  A boggart (Vaults:1)
  36 wolves
  14 centaurs
  A snapping turtle skeleton (Crypt:3)
  A phantom (D:4)
  An elephant skeleton (Crypt:3)
  6 kobold brigands
  9 necrophages
  12 bullfrogs
  A gnoll sergeant (Orc:1)
  A glowing shapeshifter simulacrum (Vaults:4)
  2 cane toad simulacra (IceCv)
  2 human simulacra (Vaults:4)
  4 earth elementals
  A cyclops skeleton (Crypt:3)
  A polar bear zombie (Crypt:1)
  4 small abominations (Depths:4)
  A spriggan zombie (Crypt:3)
  4 elephant simulacra (IceCv)
  3 killer bees (D:8)
  A swamp dragon simulacrum (Crypt:3)
  4 howler monkeys
  3 electric eels
  7 lava snakes (Volcano)
  A hound (shapeshifter) (Depths:3)
  2 quasits (D:9)
  A jelly (D:8)
  13 orc priests
  6 hounds
  A black bear skeleton (Crypt:1)
  3 iguanas
  2 sleepcaps
  Ijyb (D:5)
  18 orc wizards
  4 polar bear simulacra (IceCv)
  2 spriggan simulacra (IceCv)
  5 wolf simulacra (IceCv)
  A troll simulacrum (IceCv)
  An ice beast zombie (Crypt:2)
  12 mummies (Crypt:3)
  11 gnolls
  6 adders
  2 naga simulacra
  2 white imps
  An ufetubus (IceCv)
  A worm zombie (Crypt:1)
  An iguana skeleton (Crypt:2)
  2 worms
  A dart slug (D:5)
  77 orcs
  6 bats
  4 endoplasms (D:2)
  5 giant cockroaches
  8 goblins
  3 hobgoblins
  2 ball pythons
  2 frilled lizards (D:1)
  A gnoll skeleton (Crypt:1)
  25 kobolds
  A kobold skeleton (Crypt:1)
  5 rats
  A spectral orc (D:4)
2578 creatures vanquished.

Vanquished Creatures (others)
  A tentacled monstrosity (Zot:4)
  2 fire giants
  A red draconian (Zot:5)
  A deep elf knight (Elf:3)
  A salamander mystic (Snake:4)
  A bog body (Swamp:3)
  A wizard (Vaults:4)
  A bloated husk (Swamp:3)
  An orc (Orc:1)
  10 foxfires
20 creatures vanquished.

Grand Total: 2598 creatures vanquished

Notes
Turn   | Place    | Note
-------+----------+-------------------------------------------
     0 | D:1      | LordWeiramon the Demigod Wanderer began the quest for the
                  | Orb.
     0 | D:1      | LordWeiramon set off with the following items: a +0 club, a
                  | +0 buckler, a scroll of blinking, a +0 leather armour, a
                  | wand of quicksilver (4); and the following spell memorised:
                  | Sandblast; and the following spells available to memorise:
                  | Stone Arrow.
     0 | D:1      | Reached XP level 1. HP: 16/16 MP: 4/4
   183 | D:1      | Reached skill level 2 in Fighting
   199 | D:1      | Reached XP level 2. HP: 24/24 MP: 5/5
   872 | D:2      | Reached XP level 3. HP: 5/30 MP: 6/6
  1001 | D:2      | Identified the +1 leather armour of Catatonia {Int+2}
  1020 | D:2      | Reached skill level 3 in Fighting
  1253 | D:2      | You fall into a shaft and drop 2 floors!
  1420 | D:2      | Found Hibridae's Jewellery Shoppe.
  1759 | D:3      | Reached XP level 4. HP: 33/39 MP: 8/8
  1922 | D:3      | Reached skill level 1 in Long Blades
  2359 | D:4      | Found Qemen's General Store.
  2367 | D:4      | Reached XP level 5. HP: 44/45 MP: 9/9
  2374 | D:4      | Bought a scroll of fear for 56 gold pieces
  2374 | D:4      | Bought a scroll of teleportation for 42 gold pieces
  2374 | D:4      | Bought a potion of might for 56 gold pieces
  2712 | D:4      | Noticed a water moccasin
  2731 | D:4      | Killed a water moccasin
  2732 | D:4      | Reached XP level 6. HP: 36/51 MP: 10/10
  3025 | D:4      | Reached skill level 5 in Long Blades
  3503 | D:5      | Entered Level 5 of the Dungeon
  3504 | D:5      | Found Honwar's Armour Emporium.
  3549 | D:5      | Reached skill level 4 in Fighting
  3589 | D:5      | Noticed Ijyb
  3601 | D:5      | Killed Ijyb
  3830 | D:5      | Found Eqischeti's General Store.
  3835 | D:5      | Bought a potion of haste for 110 gold pieces
  3835 | D:5      | Bought a potion of brilliance for 44 gold pieces
  3951 | D:5      | Noticed Eustachio
  4089 | D:4      | Killed Eustachio
  4090 | D:4      | Reached skill level 5 in Fighting
  4090 | D:4      | Reached XP level 7. HP: 52/61 MP: 11/11
  4131 | D:5      | Found Miluh's Magic Scroll Shoppe.
  4422 | D:5      | Bought a scroll of butterflies for 52 gold pieces
  5169 | D:7      | Noticed a steam dragon
  5405 | D:6      | Reached skill level 5 in Dodging
  5532 | D:7      | Noticed a steam dragon
  5615 | D:6      | Reached XP level 8. HP: 68/68 MP: 12/12
  5891 | D:7      | Reached skill level 5 in Armour
  5992 | D:5      | Bought a scroll of enchant armour for 97 gold pieces
  6054 | D:7      | Found a staircase to the Ecumenical Temple.
  6059 | D:7      | Noticed Joseph
  6095 | D:7      | Killed Joseph
  6518 | D:8      | Reached XP level 9. HP: 72/74 MP: 13/13
  6522 | D:8      | Reached skill level 5 in Shields
  6597 | D:8      | Reached skill level 1 in Short Blades
  7345 | D:9      | Noticed a soul eater
  7414 | D:9      | Noticed an ice devil
  7428 | D:9      | Killed an ice devil
  7543 | D:5      | Bought a scroll of silence for 123 gold pieces
  7668 | D:9      | Noticed a soul eater
  7704 | D:9      | Reached skill level 5 in Evocations
  7704 | D:9      | Reached skill level 5 in Short Blades
  7760 | D:9      | Killed a soul eater
  7883 | D:9      | Noticed a kobold demonologist
  7929 | D:9      | Noticed a rust devil
  7937 | D:9      | Killed a kobold demonologist
  8016 | D:9      | Noticed Maurice
  8024 | D:9      | Killed Maurice
  8025 | D:9      | Reached XP level 10. HP: 81/81 MP: 14/14
  8460 | D:10     | Entered Level 10 of the Dungeon
  8546 | D:9      | Noticed Grum
  8606 | D:9      | Killed Grum
  8781 | D:10     | Noticed a two-headed ogre
  8789 | D:10     | Killed a two-headed ogre
  9576 | D:10     | Identified a scroll of acquirement
  9577 | D:10     | Acquired a +1 kite shield of fire resistance
  9934 | D:11     | Noticed a manticore
 10153 | D:11     | Identified the +3 sling of the Supporting Salmon {heavy,
                  | Int+2}
 10228 | D:11     | Reached XP level 11. HP: 55/86 MP: 9/15
 10364 | D:11     | Noticed a boulder beetle
 10381 | D:11     | Killed a boulder beetle
 10556 | D:11     | Noticed Lodul
 10621 | D:11     | Noticed Fannar
 11240 | D:11     | Noticed a boulder beetle
 11259 | D:11     | Killed a boulder beetle
 11734 | D:11     | Killed Lodul
 12134 | D:9      | Found a staircase to the Lair.
 12378 | D:5      | Bought a scroll of amnesia for 52 gold pieces
 12404 | D:5      | Bought a potion of ambrosia for 88 gold pieces
 12404 | D:5      | Bought a scroll of identify for 22 gold pieces
 12429 | D:5      | Bought a scroll of enchant weapon for 97 gold pieces
 12543 | Lair:1   | Entered Level 1 of the Lair of Beasts
 12554 | Lair:1   | Acquired the +1 helmet "Ilock" {Int+4 Dex+3}
 12581 | Lair:1   | Reached skill level 10 in Short Blades
 12785 | Lair:1   | Found a frozen archway.
 12804 | IceCv    | Entered an ice cave
 14734 | IceCv    | Reached skill level 10 in Shields
 14917 | IceCv    | Reached XP level 12. HP: 94/94 MP: 16/16
 15750 | IceCv    | Got the Spellbook of Context
 16262 | Lair:1   | You fall into a shaft and drop 1 floor!
 16478 | Lair:2   | Found a dark tunnel.
 16483 | Volcano  | Entered a volcano
 16608 | Volcano  | Reached skill level 1 in Stealth
 16874 | Volcano  | Noticed an ogre mage
 16888 | Volcano  | Killed an ogre mage
 18017 | Lair:3   | Reached XP level 13. HP: 84/100 MP: 13/17
 18334 | Lair:3   | Noticed Nessos
 18341 | Lair:3   | Killed Nessos
 18346 | Lair:3   | Found a staircase to the Snake Pit.
 18880 | Lair:3   | Found a staircase to the Swamp.
 18905 | Lair:3   | Reached skill level 10 in Dodging
 19298 | Lair:3   | Reached skill level 6 in Fighting
 20089 | Lair:4   | Reached skill level 7 in Fighting
 20829 | Lair:5   | Entered Level 5 of the Lair of Beasts
 21079 | Lair:5   | Reached skill level 8 in Fighting
 21363 | Lair:5   | Found a staircase to the Slime Pits.
 21449 | Lair:5   | Found a runed translucent door.
 21572 | Lair:5   | Reached skill level 9 in Fighting
 22536 | Lair:5   | Reached skill level 10 in Fighting
 22567 | Lair:5   | Reached XP level 14. HP: 117/121 MP: 17/19
 24165 | Lair:1   | Identified the +1 hand axe "Xaimoesm" {freeze, *Corrode
                  | rPois rC++ Str+3 Stlth+}
 25116 | D:9      | Found a runed translucent door.
 25116 | D:9      | Found a runed translucent door.
 25294 | D:9      | Noticed Harold
 25317 | D:9      | Killed Harold
 25318 | D:9      | Found a staircase to the Orcish Mines.
 25785 | D:11     | Killed Fannar
 26416 | D:12     | Reached skill level 10 in Armour
 27358 | D:13     | Noticed Urug
 27401 | D:13     | Killed Urug
 28223 | D:14     | Identified Roxanne's Compendium of Topography
 28223 | D:14     | Noticed Roxanne
 28315 | D:14     | Reached skill level 1 in Throwing
 28635 | D:14     | Found a gate to the Vaults.
 28635 | D:14     | Noticed an ironbound preserver
 28675 | D:14     | Killed an ironbound preserver
 29071 | D:15     | Entered Level 15 of the Dungeon
 29101 | D:15     | Found Eraosie's Armour Boutique.
 29150 | D:15     | Reached XP level 15. HP: 85/126 MP: 13/20
 29151 | D:15     | Reached skill level 5 in Throwing
 30563 | D:15     | Found a staircase to the Depths.
 31001 | D:9      | Identified the ring of Lainiup {rPois EV+5 Str+3 Int+7
                  | Stlth-}
 31115 | D:9      | Got the Discursus on Shifting Last Rites
 31239 | Orc:1    | Entered Level 1 of the Orcish Mines
 31439 | Orc:2    | Entered Level 2 of the Orcish Mines
 31537 | Orc:2    | Reached skill level 11 in Fighting
 31717 | Orc:2    | Found Jolytogu's Armour Shoppe.
 31717 | Orc:2    | Found Zeng's Distillery.
 31718 | Orc:2    | Found Fadoygiu's Weapon Boutique.
 31718 | Orc:2    | Found Bunuff's Assorted Antiques.
 31972 | Orc:2    | Bought a potion of invisibility for 96 gold pieces
 31972 | Orc:2    | Bought a potion of flight for 36 gold pieces
 31972 | Orc:2    | Bought a potion of resistance for 120 gold pieces
 31972 | Orc:2    | Bought a potion of curing for 36 gold pieces
 31972 | Orc:2    | Bought 2 potions of haste for 240 gold pieces
 31972 | Orc:2    | Bought a potion of heal wounds for 60 gold pieces
 31972 | Orc:2    | Bought a potion of mutation for 96 gold pieces
 31973 | Orc:2    | Bought a pair of transparent gloves for 294 gold pieces
 31973 | Orc:2    | Identified the +3 pair of gloves of the Weaver {MP+9} (You
                  | bought it in a shop on level 2 of the Orcish Mines)
 31985 | Orc:2    | Bought a scroll of fog for 124 gold pieces
 32038 | Orc:2    | Found a staircase to the Elven Halls.
 32058 | Orc:2    | Reached skill level 12 in Fighting
 32393 | Orc:2    | Noticed Erolcha
 32420 | Orc:2    | Killed Erolcha
 32457 | Orc:2    | Found Yvowaen's Jewellery Shoppe.
 32565 | Orc:2    | Found a runed translucent gate.
 32565 | Orc:2    | Found a runed translucent gate.
 32565 | Orc:2    | Found a runed translucent gate.
 32567 | Orc:2    | Identified the +4 chain mail "Ynorriq" {rF+}
 32570 | Orc:2    | Noticed turdburglar's ghost (adept KoSu)
 32871 | Orc:2    | Identified the amulet "Virugutt" {Reflect Rampage Int+4
                  | SH+5}
 32972 | Orc:2    | Killed turdburglar's ghost
 33038 | Orc:2    | Identified the +2 cloak "Feass" {rN+ Int+2}
 33209 | D:5      | Bought a scroll of fear for 52 gold pieces
 33209 | D:5      | Bought a scroll of teleportation for 39 gold pieces
 33209 | D:5      | Bought a scroll of fear for 52 gold pieces
 33418 | Swamp:1  | Entered Level 1 of the Swamp
 33420 | Swamp:1  | Found a large runed translucent door.
 33420 | Swamp:1  | Found a large runed translucent door.
 33439 | Swamp:1  | Noticed ChrisDust's ghost (journeyman SpBr)
 33457 | Swamp:1  | Reached skill level 13 in Fighting
 33583 | Swamp:1  | Killed ChrisDust's ghost
 33609 | Swamp:1  | Identified the ring of Happiness {rPois Dex+4 Slay+4}
 33971 | Swamp:1  | Noticed a tentacled monstrosity
 33975 | Swamp:1  | Reached XP level 16. HP: 145/145 MP: 21/21
 33991 | Swamp:1  | Killed a tentacled monstrosity
 34138 | Swamp:1  | Reached skill level 14 in Fighting
 35232 | Swamp:2  | Reached skill level 15 in Fighting
 36720 | Swamp:4  | Entered Level 4 of the Swamp
 38680 | Swamp:4  | Got a decaying rune of Zot
 38781 | Snake:1  | Entered Level 1 of the Snake Pit
 38874 | Snake:1  | Reached XP level 17. HP: 128/156 MP: 22/22
 40283 | Snake:2  | Reached skill level 15 in Dodging
 40817 | Snake:2  | Found Iduwni's Magic Scroll Emporium.
 40850 | Snake:2  | Bought a scroll of fog for 52 gold pieces
 40850 | Snake:2  | Bought a scroll of teleportation for 39 gold pieces
 40850 | Snake:2  | Bought a scroll of blinking for 97 gold pieces
 40850 | Snake:2  | Bought a scroll of fog for 52 gold pieces
 40850 | Snake:2  | Bought a scroll of teleportation for 39 gold pieces
 41693 | Snake:3  | Reached skill level 15 in Short Blades
 42055 | Snake:4  | Entered Level 4 of the Snake Pit
 42421 | Snake:4  | Noticed Puzaheze's ghost (adept TeCj)
 42425 | Snake:4  | Found a runed translucent door.
 43784 | Snake:4  | Reached XP level 18. HP: 133/163 MP: 23/23
 44069 | Snake:4  | Got a serpentine rune of Zot
 44462 | Orc:2    | Bought a ring of resist corrosion for 320 gold pieces
 44972 | D:14     | Killed Roxanne
 45158 | Elf:1    | Entered Level 1 of the Elven Halls
 45892 | Elf:1    | Found Viuwefi's Armour Boutique.
 46811 | Elf:2    | Found a runed translucent gate.
 46811 | Elf:2    | Found a runed translucent gate.
 46811 | Elf:2    | Found a runed translucent gate.
 47629 | Elf:3    | Entered Level 3 of the Elven Halls
 48407 | Elf:3    | Identified the amulet "Xapparuo" {Reflect Rampage rF++
                  | Will+ Int+3 SH+5}
 48418 | Elf:3    | Identified the ring of the Madman {rF+ Str+6 Int+5}
 48784 | Elf:3    | Identified the +8 war axe of Zoumnedgh {heavy, rN+ Will+
                  | Int+2}
 48805 | Elf:3    | Reached XP level 19. HP: 170/170 MP: 24/24
 48840 | Elf:3    | Identified the ring "Dutuyphy" {rPois rN+ Will+ rCorr Int-3
                  | Dex+2}
 48880 | Elf:3    | Identified the +4 whip of the Pyrrhic Victory {freeze,
                  | Contam rPois Will+++ Str+3}
 48880 | Elf:3    | Identified the amulet "Genkumy" {Reflect MP-9 Str+3 Dex+5
                  | SH+5}
 48881 | Elf:3    | Noticed a Brimstone Fiend
 49703 | Elf:3    | Got the Volume of the Vector
 49821 | Elf:3    | Identified the +6 scale mail "Hahoq" {Str+4}
 50360 | Snake:4  | Killed Puzaheze's ghost
 50682 | Vaults:1 | Entered Level 1 of the Vaults
 51846 | Vaults:1 | Reached skill level 16 in Fighting
 52558 | Vaults:2 | Reached skill level 17 in Fighting
 52836 | Vaults:2 | Reached XP level 20. HP: 139/184 MP: 25/25
 53729 | Vaults:3 | Reached skill level 18 in Fighting
 53875 | Vaults:3 | Noticed Saint Roka
 54201 | Vaults:2 | Killed Saint Roka
 54846 | Vaults:3 | Reached skill level 19 in Fighting
 54863 | Vaults:3 | Noticed Mara
 54890 | Vaults:3 | Killed Mara
 54923 | Vaults:3 | Noticed Nikola
 54946 | Vaults:3 | Killed Nikola
 55230 | Vaults:3 | Found a staircase to the Crypt.
 55871 | Vaults:3 | Reached skill level 20 in Fighting
 56521 | Vaults:4 | Noticed Boris
 56547 | Vaults:4 | Killed Boris
 56600 | Vaults:4 | Noticed Margery
 56664 | Vaults:4 | Killed Margery
 57021 | Vaults:4 | Reached XP level 21. HP: 201/201 MP: 26/26
 57640 | Crypt:1  | Entered Level 1 of the Crypt
 59182 | Crypt:2  | Noticed Frederick
 59345 | Crypt:2  | Noticed an ancient lich
 59374 | Crypt:1  | Killed an ancient lich
 59669 | Crypt:2  | Killed Frederick
 60120 | Crypt:2  | Identified the staff of conjuration "Garhang" {Dex+3}
 60158 | Crypt:2  | Identified the ring "Hoari" {rPois Will+ rCorr Int+2}
 60280 | Crypt:3  | Entered Level 3 of the Crypt
 60416 | Crypt:3  | Identified the ring of Qiphaos {Ice SInv Stlth+}
 60416 | Crypt:3  | Noticed Josephina
 60421 | Crypt:3  | Killed Josephina
 60766 | Crypt:3  | Found a staircase to the Tomb.
 61180 | Crypt:3  | Noticed Boris
 61199 | Crypt:3  | Killed Boris
 61248 | Crypt:3  | Identified the +7 falchion of the Hugging Stork {speed,
                  | rElec SInv Stlth+}
 61250 | Crypt:3  | Identified the +0 scale mail "Tufem" {Harm +Blink Str-3
                  | Dex+7}
 61364 | Crypt:3  | Reached XP level 22. HP: 209/209 MP: 27/27
 61722 | Crypt:3  | Acquired a manual of Armour
 61918 | Vaults:5 | Entered Level 5 of the Vaults
 62708 | Vaults:5 | Identified the ring "Xaeleleg" {rC+ Str+8 Slay-2}
 62962 | Vaults:5 | Identified the ring "Ristrokho" {Wiz rElec rF+}
 63057 | Vaults:5 | Reached skill level 15 in Armour
 63303 | Vaults:5 | Noticed Boris
 63310 | Vaults:5 | Identified the ring of Fuodd {rPois rF+ Str+3}
 63320 | Vaults:5 | Identified the +8 rapier of Ewoody {drain, Will+}
 63320 | Vaults:5 | Identified the orb of the Eleven Servitors {mayhem, rN+++
                  | MP-9 Dex+3}
 63330 | Vaults:5 | Killed Boris
 63358 | Vaults:5 | Reached skill level 21 in Fighting
 63470 | Vaults:5 | Identified the +0 scale mail of Kuax {Dex+3}
 63636 | Vaults:5 | Identified the +0 plate armour of Satisfaction {Drain rC+
                  | Will- Str+8}
 63645 | Vaults:5 | Identified the staff of conjuration "Deec" {rElec rN+ Str-2
                  | Dex+4}
 64690 | Vaults:5 | Reached skill level 22 in Fighting
 64743 | Vaults:5 | Got the Compilation of Searing Impulse
 64750 | Vaults:5 | Got a silver rune of Zot
 65174 | Depths:1 | Entered Level 1 of the Depths
 65317 | Depths:1 | Reached XP level 23. HP: 224/224 MP: 28/28
 65438 | Depths:1 | Found a gateway to Hell.
 65755 | Depths:1 | Found a one-way gate to the infinite horrors of the Abyss.
 65974 | Depths:1 | Reached skill level 23 in Fighting
 66409 | Depths:2 | Found a one-way gateway to a ziggurat.
 66759 | Depths:2 | Found a one-way gate leading to the halls of Pandemonium.
 67673 | Depths:2 | Noticed a juggernaut
 67801 | Depths:2 | Killed a juggernaut
 67802 | Depths:2 | Reached skill level 24 in Fighting
 68056 | Depths:2 | Found a portal to a secret trove of treasure.
 68111 | Depths:2 | Found Vuradeg's Book Shop.
 69042 | Depths:2 | Reached skill level 25 in Fighting
 69150 | Depths:2 | Identified the +0 dagger of the Enchanted Forest {heavy,
                  | Will- Int+5 Dex+3 Stlth+}
 69391 | Depths:2 | Identified the ring of the Exiled Queens {+Blink rC+ EV+5}
 70114 | Depths:3 | Reached XP level 24. HP: 206/243 MP: 28/28
 70965 | Depths:3 | Noticed Louise
 70980 | Depths:3 | Killed Louise
 71303 | Depths:3 | Reached skill level 26 in Fighting
 71998 | Depths:4 | Entered Level 4 of the Depths
 72666 | Depths:4 | Reached skill level 27 in Fighting
 74012 | Depths:4 | Found a gate to the Realm of Zot.
 74277 | Depths:4 | Found Big Baal Hell's Store.
 74307 | Depths:4 | Bought 10 potions of resistance for 6600 gold pieces
 74406 | Zot:1    | Entered Level 1 of the Realm of Zot
 74588 | Zot:1    | Noticed an orb of fire
 74606 | Zot:1    | Gained mutation: You are clumsy. (Dex -2) [an orb of fire]
 74615 | Zot:1    | Killed an orb of fire
 75451 | Zot:2    | Reached XP level 25. HP: 252/257 MP: 0/28
 78430 | Zot:4    | Found a transporter.
 79696 | Zot:4    | Identified the +2 cloak of Philately {rCorr Str+3}
 79810 | Zot:4    | Found a transporter.
 80046 | Zot:5    | Entered Level 5 of the Realm of Zot
 80046 | Zot:5    | Found a runed translucent gate.
 80046 | Zot:5    | Found a runed translucent gate.
 80061 | Zot:5    | Noticed Jiorhin's ghost (legendary TrBe)
 80065 | Zot:5    | Found a runed translucent gate.
 81142 | Zot:5    | Noticed an ancient lich
 81244 | Zot:5    | Noticed an ancient lich
 81263 | Zot:5    | Killed an ancient lich
 81279 | Zot:5    | Killed an ancient lich
 81326 | Zot:5    | Noticed an orb of fire
 81338 | Zot:5    | Killed an orb of fire
 81339 | Zot:5    | Reached XP level 26. HP: 217/266 MP: 28/28
 81622 | Zot:5    | Noticed an orb of fire
 81648 | Zot:5    | Killed an orb of fire
 82052 | Zot:5    | Noticed an orb of fire
 82071 | Zot:5    | Noticed an orb of fire
 82080 | Zot:5    | Killed an orb of fire
 82104 | Zot:5    | Gained mutation: Your body sometimes deteriorates upon
                  | taking damage. [an orb of fire]
 82107 | Zot:5    | Killed an orb of fire
 82464 | Zot:5    | Noticed an ancient lich
 82475 | Zot:5    | Killed an ancient lich
 82896 | Zot:5    | Lost mutation: Your body sometimes deteriorates upon taking
                  | damage. [potion of mutation]
 82896 | Zot:5    | Lost mutation: You are clumsy. (Dex -2) [potion of
                  | mutation]
 82896 | Zot:5    | Gained mutation: You are clumsy. (Dex -2) [potion of
                  | mutation]
 82896 | Zot:5    | Gained mutation: Your mind is acute. (Int +4, Str/Dex -1)
                  | [potion of mutation]
 82952 | Zot:5    | Got the Orb of Zot
 83030 | Zot:2    | Noticed Givag the pandemonium lord
 83206 | D:15     | Noticed Visaomud the pandemonium lord
 83470 | D:$      | Escaped with the Orb!

Illustrated notes

Levels and vault maps discovered:
D:1:      lemuel_arrival_funnel, layout_loops_ring
D:2:      layout_rooms, serial_shops, nicolae_shop_crystal
D:3:      layout_basic, lemuel_doored_altar, mainiacjoe_overflow_big_doors,
          minivault_25
D:4:      layout_loops_ring, yredelemnul_forgotten_temple_becter, serial_shops,
          shop
D:5:      layout_gridville, serial_glass, glass_columns_a, glass_columns_b,
          glass_columns_b, glass_columns_b, glass_columns_a, glass_columns_a,
          glass_columns_a, glass_columns_c, serial_shops, shop,
          nicolae_shop_just_a_little_nook, shop_fountains, amethyst_killhole,
          uniq_ijyb, uniq_eustachio
D:6:      layout_basic
D:7:      layout_rooms, nemelex_altar_shiori, minmay_temple_entry_water_ring,
          uniq_joseph
D:8:      layout_loops_ring, mainiacjoe_overflow_catwalk,
          nicolae_wu_jian_wuxing_cycle, lemuel_crystal_altar
D:9:      minmay_the_grid_triangle_9x9_recursive_2
          [minmay_the_grid_triangle_9x9_prize_center,
          minmay_the_grid_triangle_9x9_thin_v,
          minmay_the_grid_triangle_9x9_zippers_vertical,
          minmay_the_grid_triangle_9x9_tough_junction], layout_loops_ring,
          mainiacjoe_overflow_concentric_impassable, erik_lair_island,
          erik_orc_1, serial_demonic, serial_demonic_f, serial_demonic_c,
          serial_demonic_d, serial_demonic_b, serial_demonic_b, uniq_harold,
          uniq_maurice, uniq_grum
D:10:     layout_basic, lemuel_tele_altar, fedhas_bush_and_centaur_altar
D:11:     layout_irregular_city, uniq_lodul, uniq_fannar
D:12:     layout_roguey [special_room_orc], serial_glass, glass_columns_b,
          glass_columns_a
D:13:     layout_cross, blue_anna_alchemist, uniq_urug
D:14:     layout_cave_pods, skrybe_vaults_entry_preservation, serial_park,
          serial_park_avenue1, serial_park_tiny_pond, serial_park_tiny_pond,
          uniq_roxanne
D:15:     hangedman_depths_entry_try_elsewhere_first, layout_loops_cross,
          serial_park_gazebo [serial_park_minivault_5x5_8], serial_shops,
          nicolae_shop_trees, nzn_life_drinkers
Lair:1:   cheibrodos_lair_river_kwai, layout_regular_city,
          portal_ice_cave_demonic_guard, basic_altar
Lair:2:   layout_small_grid, nicolae_volcano_entry_s_turn, serial_bayou_shore_b,
          grunt_megastairs_4
Lair:3:   layout_cave_pods, minmay_swamp_entry_reptiles,
          guppyfry_snake_entry_island, uniq_nessos
Lair:4:   layout_cave_pods, serial_bayou_pond_d, hangedman_lair_unloving_vines
Lair:5:   hangedman_lair_caniforms_friends, layout_cave_pods, wormcave,
          minmay_slime_entry_oklob_open, infiniplex_staircase_pool,
          grunt_megastairs_2, serial_bayou_shore_a
Swamp:1:  layout_basic_swamp, ebering_ghost_disaster_area,
          nicolae_swamp_very_dense_foliage, hangedman_swamp_ravenous
Swamp:2:  layout_basic_swamp, evilmike_swamp_ruin_rubble_2, swamp_pool4
Swamp:3:  layout_falls_marsh, evilmike_swamp_ruin_rubble_1,
          nicolae_swamp_dense_foliage
Swamp:4:  swamp, layout_basic_swamp
Snake:1:  layout_gridlike, grunt_ministairs_9, nicolae_snake_squiggles,
          st_stairs_7, nicolae_snake_gridmaze_waves,
          nicolae_snake_salamander_jacuzzi
Snake:2:  layout_rooms, serial_shops, shop
Snake:3:  layout_basic
Snake:4:  snake_pit, layout_onion, hellmonk_ghost_happy_afterlife,
          nrook_guardian_serpent_ordinary, grunt_megastairs_3
Orc:1:    layout_caves
Orc:2:    st_orc_ogre_mass, layout_caves, biasface_ghost_orc_armoury,
          serial_shops, shop, uniq_erolcha
Elf:1:    eino_elf_arrival_the_gate, layout_gridlike, serial_shops,
          nicolae_shop_real_fake_doors, hangedman_elven_crosses_minicolossus
Elf:2:    elven_hall_of_blades_hangedman_original [mumra_blade_entry_dagger],
          layout_geoelf_grid
Elf:3:    nooodl_elf_gasket, layout_gridlike, grunt_megastairs_1
Vaults:1: dpeg_vaults_monster_row, v_misc_11, v_misc_3, st_octagons_2,
          nicolae_vaults_little_squares_5, nicolae_vaults_six-pack,
          nicolae_vaults_trapezoid_lopsided_1, v_misc_27,
          ontoclasm_vaults_idyll, nicolae_vaults_trapezoid_layered,
          hangedman_vaults_stretched_pinwheel, nicolae_vaults_surprise_closet,
          nicolae_vaults_offset_grid_hallway_4, layout_vaults_maze_snakey
Vaults:2: v_misc_11, nicolae_vaults_tetromino_Z_2, vaults_room_large_hall,
          v_misc_8, nicolae_vaults_little_ls, hangedman_vaults_maws,
          v_pattern_4, nicolae_vaults_layer_cake_slice,
          hangedman_vaults_variations, hangedman_vaults_stagger,
          layout_vaults_omnibox
Vaults:3: v_rooms_2, hangedman_vaults_maws, nicolae_vaults_closet_pinwheel_5,
          v_misc_3, nicolae_vaults_trapezoid_lopsided_1,
          minmay_crypt_entry_simple_walls, vaults_room_fours,
          nicolae_vaults_mush_room, nicolae_vaults_windows_and_doors_thing,
          nicolae_vaults_trapezoid_lopsided_3, v_misc_23,
          nicolae_vaults_little_squares_4, layout_vaults_ring, uniq_saint_roka,
          uniq_mara, uniq_nikola
Vaults:4: vaults_room_hallway, vaults_room_fours, v_misc_29,
          nicolae_vaults_big_ls, hangedman_vaults_pinch,
          hangedman_vaults_stretched_pinwheel, vaults_room_pool,
          nicolae_vaults_storage_closets_1, vaults_dpeg_diagonal,
          layout_vaults_big_room, uniq_boris, uniq_margery
Vaults:5
Crypt:1:  layout_rooms
Crypt:2:  layout_misc_corridors, corexii_hall_statues_x, weyrava_lich_vault,
          uniq_frederick
Crypt:3:  church_of_pain_bobbens, layout_chaotic_city,
          nicolae_tomb_entry_unfolded_pyramid_orthogonal, uniq_josephina
Depths:1: layout_honeycomb, abyss_entry, chequers_serial_rivers_large_a,
          grunt_metal_band, minmay_shattered_shrine
Depths:2: minmay_octagon_city, layout_cave_pools, enter_ziggurat_c,
          rand_demon_pan_entry_4, grunt_hell_entry_dis_mu,
          serial_bayou_lagoon_a, serial_shops, shop_statue,
          nicolae_trove_entry_path_of_doom
Depths:3: pf_snail_temple, layout_cave_shapes, pf_dread_powers_of_hell,
          nicolae_abyss_entry_one_way_or_another, skrybe_limestone_x
Depths:4: lemuel_castle_with_subvaults [lemuel_castle_interior_carwin_3],
          layout_cave_shapes, nicolae_hell_entry_big_baal_hell,
          grunt_pan_entry_in_and_out, minmay_room_of_horrors,
          nicolae_hepliaklqana_hazy_memory, minivault_1
Zot:1:    layout_onion
Zot:2:    kennysheep_blocky_room, layout_onion, zot_minivault_1
Zot:3:    circus_mu, layout_twisted_circle
Zot:4:    gammafunk_sealed_arena, layout_concentric_octagons
Zot:5:    layout_basic, gammafunk_ghost_split

Skill      XL: |  1  2  3  4  5  6  7  8  9 10 11 12 13 14 15 16 17 18 19 20 21 22 23 24 25 26 |
---------------+-------------------------------------------------------------------------------+-----
Fighting       | 2 3 5 10 13 15 17 20 22 25 27 | 27.0
Long Blades    | 2 4 5 |  5.0
Dodging        | 5 6 7 10 13 15 16 20 | 20.0
Armour         | 2 5 10 15 17 | 17.3
Shields        | 4 5 6 10 11 12 13 | 13.0
Short Blades   | 7 9 11 13 16 20 22 26 | 26.8
Evocations     | 5 |  5.0
Stealth        | 4 |  4.2
Throwing       | 4 6 |  6.0
Spellcasting   | |  1.0
Earth Magic    | |  1.0

Action                     |  1- 3 |  4- 6 |  7- 9 | 10-12 | 13-15 | 16-18 | 19-21 | 22-24 | 25-27 || total
---------------------------+-------+-------+-------+-------+-------+-------+-------+-------+-------++-------
  Melee: Dagger            |   128 |   151 |   297 |   851 |       |       |       |       |       ||  1427
         Club              |    20 |       |       |       |       |       |       |       |       ||    20
         Rapier            |       |       |    56 |   381 |  3267 |  2681 |  3404 |  3856 |  1753 || 15398
  Throw: Dart              |    11 |       |     5 |    26 |    25 |       |     4 |       |       ||    71
         Throwing net      |       |       |       |       |     3 |       |     6 |       |       ||     9
  Evoke: Wand              |       |       |     5 |    16 |    10 |       |     1 |     3 |     2 ||    37
         Condenser vane    |       |       |       |     2 |     2 |       |     1 |     1 |       ||     6
         Phantom mirror    |       |       |       |       |     2 |       |       |       |       ||     2
         Lightning rod     |       |       |       |       |     4 |       |     3 |       |       ||     7
    Use: Scroll            |     5 |     2 |     6 |    19 |     8 |     1 |    11 |    20 |     9 ||    81
         Potion            |     1 |       |    15 |     2 |     3 |     2 |     5 |     9 |    18 ||    55
   Stab: Distracted        |     1 |       |       |     5 |     8 |     8 |    12 |    21 |     2 ||    57
         Paralysed         |       |       |     2 |     3 |       |       |       |     1 |       ||     6
         Sleeping          |       |       |       |    13 |    17 |    43 |    52 |    12 |     6 ||   143
         Invisible         |       |       |       |       |    18 |       |       |       |    19 ||    37
         Held in net/web   |       |       |       |       |     2 |       |    10 |       |       ||    12
 Armour: Chain mail        |    80 |    62 |    32 |       |       |       |       |       |       ||   174
         Skin              |       |       |    50 |       |       |       |       |       |       ||    50
         Steam dragon scal |       |       |    78 |    91 |       |       |       |       |       ||   169
         Leather armour    |       |       |       |    20 |   191 |    72 |   105 |    42 |       ||   430
         Ice dragon scales |       |       |       |       |       |       |       |   170 |   139 ||   309
  Dodge: Dodged            |    34 |    26 |   194 |   270 |   638 |   686 |   835 |  1286 |   615 ||  4584
  Block: Buckler           |    16 |    24 |   114 |    33 |       |       |       |       |       ||   187
         Kite shield       |       |       |       |   414 |  1633 |  1621 |  2015 |  2542 |  1155 ||  9380
         Reflection        |       |       |       |       |       |   155 |    52 |    40 |    27 ||   274
